| TOP OF THE 1ST |
|
Syracuse Chiefs batting - Pitching for Gwinnett Braves : RHP Chong-hun Park
|
|
Pitching: RHP Chong-hun Park
|
|
|
Batting: LHB Dillon Gonzalez
|
0-0: Ball 1-0: Foul Ball, location: 2F 1-1: Ball 2-1: Ground out 6-3 (Groundball, 6, EV 104.4 MPH)
|
|
Batting: LHB Sidney Pedder
|
0-0: Ball 1-0: Ball 2-0: Ground out 4-3 (Groundball, 34, EV 83.1 MPH)
|
|
Batting: LHB Dana McDonald
|
0-0: Ball 1-0: Ground out 6-3 (Groundball, 6MS, EV 71.3 MPH)
|
| Top of the 1st over - 0 runs, 0 hits, 0 errors, 0 left on base; Syracuse 0 - Gwinnett 0 |
| BOTTOM OF THE 1ST |
|
Gwinnett Braves batting - Pitching for Syracuse Chiefs : LHP Jose Torres
|
|
Pitching: LHP Jose Torres
|
|
|
Batting: RHB Bill Turnbull
|
0-0: Ball 1-0: Ball 2-0: Called Strike 2-1: Called Strike 2-2: Ball 3-2: Strikes out swinging
|
|
Batting: RHB Jesse Lester
|
0-0: Called Strike 0-1: Called Strike 0-2: Foul Ball, location: 2F 0-2: Ball 1-2: Strikes out swinging
|
|
Batting: RHB Luis Revilla
|
0-0: Called Strike 0-1: Foul Ball, location: 2F 0-2: Ground out U3 (Groundball, 34, EV 83.8 MPH)
|
| Bottom of the 1st over - 0 runs, 0 hits, 0 errors, 0 left on base; Syracuse 0 - Gwinnett 0 |
| TOP OF THE 2ND |
|
Syracuse Chiefs batting - Pitching for Gwinnett Braves : RHP Chong-hun Park
|
|
Batting: SHB Alex Ethridge
|
0-0: Ball 1-0: Ground out 6-3 (Groundball, 6, EV 102.5 MPH)
|
|
Batting: LHB Erik Beezley
|
0-0: Ball 1-0: Swinging Strike 1-1: Swinging Strike 1-2: Ball 2-2: Ball 3-2: Strikes out swinging
|
|
Batting: RHB Danny Gerardo
|
0-0: Ball 1-0: Ball 2-0: Called Strike 2-1: Ball 3-1: Foul Ball, location: 2F 3-2: Fly out, F8 (Flyball, 8LS, EV 86.9 MPH)
|
| Top of the 2nd over - 0 runs, 0 hits, 0 errors, 0 left on base; Syracuse 0 - Gwinnett 0 |
| BOTTOM OF THE 2ND |
|
Gwinnett Braves batting - Pitching for Syracuse Chiefs : LHP Jose Torres
|
|
Batting: RHB Ian Sousa
|
0-0: Called Strike 0-1: Ground out 5-3 (Groundball, 5, EV 84.4 MPH)
|
|
Batting: LHB Bobby Upton
|
0-0: Ball 1-0: Ball 2-0: DOUBLE (Flyball, 8RXD, EV 109.4 MPH)
|
|
Batting: RHB T.J. Jordan
|
0-0: Swinging Strike 0-1: Foul Ball, location: 2F 0-2: Strikes out swinging
|
|
Batting: SHB Tim Rodgers
|
0-0: SINGLE (Groundball, 6M, EV 106.3 MPH) (infield hit) Bobby Upton to third
|
|
Batting: RHB Danny Heikkila
|
0-0: SINGLE (Groundball, 6MD, EV 93.8 MPH) Bobby Upton scores Tim Rodgers to second
|
|
Batting: LHB Robby Dann
|
0-0: Swinging Strike 0-1: Ball 1-1: Ball 2-1: Ball 3-1: Called Strike 3-2: Foul Ball, location: 2F 3-2: Strikes out swinging
|
| Bottom of the 2nd over - 1 run, 3 hits, 0 errors, 2 left on base; Syracuse 0 - Gwinnett 1 |
| TOP OF THE 3RD |
|
Syracuse Chiefs batting - Pitching for Gwinnett Braves : RHP Chong-hun Park
|
|
Batting: RHB Ben Welt
|
0-0: Called Strike 0-1: Ball 1-1: Called Strike 1-2: Ground out 4-3 (Groundball, 4MS, EV 89.4 MPH)
|
|
Batting: RHB Ke-yue Hong
|
0-0: Ball 1-0: Foul Ball, location: 2F 1-1: Ground out 6-3 (Groundball, 6M, EV 101.3 MPH)
|
|
Batting: RHB Ryota Tenno
|
0-0: Ball 1-0: Ball 2-0: Foul Ball, location: 2F 2-1: Ball 3-1: Fly out, F7 (Line Drive, 78M, EV 97.5 MPH)
|
| Top of the 3rd over - 0 runs, 0 hits, 0 errors, 0 left on base; Syracuse 0 - Gwinnett 1 |
| BOTTOM OF THE 3RD |
|
Gwinnett Braves batting - Pitching for Syracuse Chiefs : LHP Jose Torres
|
|
Batting: RHB Bill Turnbull
|
0-0: Ball 1-0: Fly out, F3 (Line Drive, 3, EV 68.1 MPH)
|
|
Batting: RHB Jesse Lester
|
0-0: Called Strike 0-1: Called Strike 0-2: Strikes out swinging
|
|
Batting: RHB Luis Revilla
|
0-0: Foul Ball, location: 2F 0-1: Foul Ball, location: 2F 0-2: Ball 1-2: Ball 2-2: Ball 3-2: Ground out 4-3 (Groundball, 4, EV 83.8 MPH)
|
| Bottom of the 3rd over - 0 runs, 0 hits, 0 errors, 0 left on base; Syracuse 0 - Gwinnett 1 |
| TOP OF THE 4TH |
|
Syracuse Chiefs batting - Pitching for Gwinnett Braves : RHP Chong-hun Park
|
|
Batting: LHB Dillon Gonzalez
|
0-0: Called Strike 0-1: Ball 1-1: Ground out 4-3 (Groundball, 4, EV 90.0 MPH)
|
|
Batting: LHB Sidney Pedder
|
0-0: Called Strike 0-1: Ball 1-1: Fly out, F7 (Flyball, 7LM, EV 106.3 MPH)
|
|
Batting: LHB Dana McDonald
|
0-0: Called Strike 0-1: Ball 1-1: Foul Ball, location: 2F 1-2: Ball 2-2: SINGLE (Line Drive, 4MD, EV 94.4 MPH)
|
|
Batting: SHB Alex Ethridge
|
0-0: Ball 1-0: SINGLE (Line Drive, 89S, EV 91.9 MPH) Dana McDonald to second Runner from 2nd tries for 3rd, SAFE, throw by RF made to third
|
|
Batting: LHB Erik Beezley
|
0-0: Called Strike 0-1: Ground out 4-3 (Groundball, 4, EV 83.8 MPH)
|
| Top of the 4th over - 0 runs, 2 hits, 0 errors, 2 left on base; Syracuse 0 - Gwinnett 1 |
| BOTTOM OF THE 4TH |
|
Gwinnett Braves batting - Pitching for Syracuse Chiefs : LHP Jose Torres
|
|
Batting: RHB Ian Sousa
|
0-0: Ground out 6-3 (Groundball, 6, EV 91.9 MPH)
|
|
Batting: LHB Bobby Upton
|
0-0: Foul Ball, location: 2F 0-1: SINGLE (Line Drive, 6M, EV 94.4 MPH)
|
|
Batting: RHB T.J. Jordan
|
0-0: Ball 1-0: Ball 2-0: Called Strike 2-1: Ball 3-1: Called Strike 3-2: Base on Balls Bobby Upton to second
|
|
Batting: SHB Tim Rodgers
|
0-0: Fly out, F8 (Flyball, 8LM, EV 81.3 MPH)
|
|
Batting: RHB Danny Heikkila
|
0-0: Fielders Choice at 2nd, 5-4 (Groundball, 56, EV 94.4 MPH)
|
| Bottom of the 4th over - 0 runs, 1 hit, 0 errors, 2 left on base; Syracuse 0 - Gwinnett 1 |
| TOP OF THE 5TH |
|
Syracuse Chiefs batting - Pitching for Gwinnett Braves : RHP Chong-hun Park
|
|
Batting: RHB Danny Gerardo
|
0-0: Ball 1-0: Swinging Strike 1-1: SOLO HOME RUN (Flyball, 7D, EV 96.3 MPH), Distance : 382 ft
|
|
Batting: RHB Ben Welt
|
0-0: Ball 1-0: Ground out 5-3 (Groundball, 56, EV 90.0 MPH)
|
|
Batting: RHB Ke-yue Hong
|
0-0: Called Strike 0-1: Swinging Strike 0-2: Strikes out swinging
|
|
Batting: RHB Ryota Tenno
|
0-0: Swinging Strike 0-1: Foul Ball, location: 2F 0-2: Ball 1-2: Strikes out swinging
|
| Top of the 5th over - 1 run, 1 hit, 0 errors, 0 left on base; Syracuse 1 - Gwinnett 1 |
| BOTTOM OF THE 5TH |
|
Gwinnett Braves batting - Pitching for Syracuse Chiefs : LHP Jose Torres
|
|
Batting: LHB Robby Dann
|
0-0: Ball 1-0: Foul Ball, location: 2F 1-1: Ball 2-1: Foul Ball, location: 2F 2-2: Fly out, F3 (Line Drive, 3, EV 66.3 MPH)
|
|
Batting: RHB Bill Turnbull
|
0-0: Ball 1-0: Ball 2-0: Called Strike 2-1: Ball 3-1: Base on Balls
|
|
Batting: RHB Jesse Lester
|
0-0: Ball 1-0: Swinging Strike 1-1: Called Strike Bill Turnbull is caught stealing 2nd base 2-4 1-2: SINGLE (Groundball, 56D, EV 105.0 MPH)
|
|
Batting: RHB Luis Revilla
|
0-0: Foul Ball, location: 2F 0-1: Ball 1-1: Ball 2-1: Ball 3-1: Base on Balls Jesse Lester to second
|
|
Batting: RHB Ian Sousa
|
0-0: Called Strike 0-1: Ball 1-1: Ball 2-1: Ball 3-1: DOUBLE (Flyball, 78D, EV 95.6 MPH) Jesse Lester scores Luis Revilla to third Runner from 3rd tries for Home, SAFE, throw by LF to home
|
|
Batting: LHB Bobby Upton
|
0-0: Ground out 6-3 (Groundball, 6, EV 83.8 MPH)
|
| Bottom of the 5th over - 2 runs, 2 hits, 0 errors, 1 left on base; Syracuse 1 - Gwinnett 3 |
| TOP OF THE 6TH |
|
Syracuse Chiefs batting - Pitching for Gwinnett Braves : RHP Chong-hun Park
|
|
Batting: LHB Dillon Gonzalez
|
0-0: Swinging Strike 0-1: Swinging Strike 0-2: Strikes out swinging
|
|
Batting: LHB Sidney Pedder
|
0-0: Ball 1-0: Foul Ball, location: 2F 1-1: Ball 2-1: TRIPLE (Flyball, 7D, EV 88.1 MPH)
|
|
Batting: LHB Dana McDonald
|
0-0: Foul Ball, location: 2F 0-1: Ball 1-1: Ball 2-1: Foul Ball, location: 2F 2-2: SINGLE (Line Drive, 6MD, EV 93.8 MPH) Sidney Pedder scores
|
|
Batting: SHB Alex Ethridge
|
0-0: Ball 1-0: Called Strike 1-1: Called Strike 1-2: Ball 2-2: Foul Ball, location: 2F 2-2: Fielders Choice at 2nd, 3-6 (Groundball, 13, EV 80.6 MPH)
|
|
Batting: LHB Erik Beezley
|
0-0: Called Strike 0-1: Foul Ball, location: 2F 0-2: Ball 1-2: Foul Ball, location: 2F 1-2: Strikes out looking
|
| Top of the 6th over - 1 run, 2 hits, 0 errors, 1 left on base; Syracuse 2 - Gwinnett 3 |
| BOTTOM OF THE 6TH |
|
Gwinnett Braves batting - Pitching for Syracuse Chiefs : LHP Jose Torres
|
|
Batting: RHB T.J. Jordan
|
0-0: SOLO HOME RUN (Flyball, 7D, EV 96.3 MPH), Distance : 377 ft
|
|
Batting: SHB Tim Rodgers
|
0-0: Ball 1-0: Called Strike 1-1: Ball 2-1: Ground out 5-3 (Groundball, 5, EV 82.5 MPH)
|
|
Batting: RHB Danny Heikkila
|
0-0: Ground out 5-3 (Groundball, 56S, EV 84.4 MPH)
|
|
Batting: LHB Robby Dann
|
0-0: Foul Ball, location: 2F 0-1: Ball 1-1: Called Strike 1-2: Ball 2-2: Strikes out swinging
|
| Bottom of the 6th over - 1 run, 1 hit, 0 errors, 0 left on base; Syracuse 2 - Gwinnett 4 |
| TOP OF THE 7TH |
|
Syracuse Chiefs batting - Pitching for Gwinnett Braves : RHP Chong-hun Park
|
|
Batting: RHB Danny Gerardo
|
0-0: Ball 1-0: Foul Ball, location: 2F 1-1: Foul Ball, location: 2F 1-2: SINGLE (Groundball, 56D, EV 106.9 MPH)
|
|
Batting: RHB Ben Welt
|
0-0: Swinging Strike 0-1: Ball 1-1: Ball 2-1: Foul Ball, location: 2F 2-2: SINGLE (Line Drive, 6M, EV 96.3 MPH) Danny Gerardo to second Runner from 2nd tries for 3rd, OUT! 8-5
|
|
Pitching: RHP Craig Noble
|
|
|
Batting: RHB Ke-yue Hong
|
0-0: Ball 1-0: Called Strike 1-1: Foul Ball, location: 2F 1-2: Foul Ball, location: 2F 1-2: Fly out, F2 (Popup, 2LF, EV 83.8 MPH)
|
|
Batting: RHB Ryota Tenno
|
0-0: Foul Ball, location: 2F 0-1: Ball 1-1: Ball 2-1: Fielders Choice at 2nd, 6-4 (Groundball, 6, EV 80.6 MPH)
|
| Top of the 7th over - 0 runs, 2 hits, 0 errors, 1 left on base; Syracuse 2 - Gwinnett 4 |
| BOTTOM OF THE 7TH |
|
Gwinnett Braves batting - Pitching for Syracuse Chiefs : LHP Jose Torres
|
|
Batting: RHB Bill Turnbull
|
0-0: Ball 1-0: Foul Ball, location: 2F 1-1: Ball 2-1: Ball 3-1: Called Strike 3-2: Fly out, F7 (Line Drive, 7, EV 100.6 MPH)
|
|
Pitching: RHP Jesus Ruiz
|
|
|
Batting: RHB Jesse Lester
|
0-0: Foul Ball, location: 2F 0-1: Foul Ball, location: 2F 0-2: SINGLE (Line Drive, 8LS, EV 103.1 MPH)
|
|
Batting: RHB Luis Revilla
|
0-0: Ball 1-0: Foul Ball, location: 2F 1-1: Foul Ball, location: 2F 1-2: Strikes out looking
|
|
Pitching: RHP Daniel Humphrey
|
|
|
Batting: RHB Ian Sousa
|
0-0: Called Strike 0-1: Ball Jesse Lester is caught stealing 2nd base 2-4
|
| Bottom of the 7th over - 0 runs, 1 hit, 0 errors, 0 left on base; Syracuse 2 - Gwinnett 4 |
| TOP OF THE 8TH |
|
Syracuse Chiefs batting - Pitching for Gwinnett Braves : RHP Craig Noble
|
|
Batting: LHB Dillon Gonzalez
|
0-0: Swinging Strike 0-1: SINGLE (Line Drive, 8RS, EV 108.1 MPH)
|
|
Batting: LHB Sidney Pedder
|
0-0: Called Strike 0-1: Called Strike 0-2: Ball 1-2: Foul Ball, location: 2F 1-2: Strikes out swinging
|
|
Batting: LHB Dana McDonald
|
0-0: Ball 1-0: Ball 2-0: Ball 3-0: Base on Balls Dillon Gonzalez to second
|
|
Batting: SHB Alex Ethridge
|
0-0: Fly out, F8 (Line Drive, 8LM, EV 94.4 MPH)
|
|
Pitching: LHP Kyle Krull
|
|
|
Batting: RHB Rene Montoya
|
0-0: Swinging Strike 0-1: Ball 1-1: Ball 2-1: Ball 3-1: Base on Balls Dillon Gonzalez to third Dana McDonald to second
|
|
Pitching: RHP Chris Thompson
|
|
|
Batting: RHB Danny Gerardo
|
0-0: Ball 1-0: Foul Ball, location: 2F 1-1: Called Strike 1-2: Ball 2-2: Strikes out looking
|
| Top of the 8th over - 0 runs, 1 hit, 0 errors, 3 left on base; Syracuse 2 - Gwinnett 4 |
| BOTTOM OF THE 8TH |
|
Gwinnett Braves batting - Pitching for Syracuse Chiefs : RHP Daniel Humphrey
|
|
Batting: RHB Ian Sousa
|
0-0: Fly out, F8 (Flyball, 8RM, EV 94.4 MPH)
|
|
Batting: LHB Bobby Upton
|
0-0: Swinging Strike 0-1: Ball 1-1: Ball 2-1: Ball 3-1: Called Strike 3-2: Base on Balls
|
|
Batting: RHB T.J. Jordan
|
0-0: Called Strike 0-1: Ball Bobby Upton is caught stealing 2nd base 2-4 1-1: Ball 2-1: Foul Ball, location: 2F 2-2: Ball 3-2: Foul Ball, location: 2F 3-2: Foul Ball, location: 2F 3-2: Strikes out swinging
|
| Bottom of the 8th over - 0 runs, 0 hits, 0 errors, 0 left on base; Syracuse 2 - Gwinnett 4 |
| TOP OF THE 9TH |
|
Syracuse Chiefs batting - Pitching for Gwinnett Braves : RHP Chris Thompson
|
|
Now at 1B: Ethan McCullough
|
|
|
Now at 2B: Danny Heikkila
|
|
|
Now at SS: Jose Chinchilla
|
|
|
Now in CF: Kevin Waddell
|
|
|
Now in RF: Tim Rodgers
|
|
|
Batting: RHB Ben Welt
|
0-0: Ball 1-0: Ball 2-0: Called Strike 2-1: Ball 3-1: Foul Ball, location: 2F 3-2: Foul Ball, location: 2F 3-2: Base on Balls
|
|
Batting: RHB Ke-yue Hong
|
0-0: Swinging Strike 0-1: Swinging Strike 0-2: Ball 1-2: Strikes out swinging
|
|
Batting: RHB Ryota Tenno
|
0-0: Ball 1-0: Ball 2-0: Ball 3-0: Called Strike 3-1: Base on Balls Ben Welt to second
|
|
Batting: LHB Dillon Gonzalez
|
0-0: Called Strike 0-1: Ball 1-1: Ball 2-1: Ball 3-1: Fielders Choice at 2nd, 3-6 (Groundball, 3, EV 86.9 MPH) Ben Welt to third
|
|
Batting: LHB Sidney Pedder
|
0-0: SINGLE (Groundball, 34D, EV 100.6 MPH) Ben Welt scores Dillon Gonzalez to second Runner from 2nd tries for 3rd, SAFE, throw by RF made to third Sidney Pedder to second
|
|
Batting: LHB Dana McDonald
|
0-0: Intentional Walk
|
|
Batting: SHB Alex Ethridge
|
0-0: Ball 1-0: Ground out U3 (Groundball, 3, EV 110.0 MPH)
|
| Top of the 9th over - 1 run, 1 hit, 0 errors, 3 left on base; Syracuse 3 - Gwinnett 4 |
|